 Dungeon Crawl Stone Soup version 0.28-a0-938-gbc3f381ebc (console) character file.

Game seed: 17302327543316799701

89 jejorda2 the Cudgeller (level 4, -1/28 HPs)
             Began as a Gargoyle Berserker on Nov 28, 2021.
             Was a Believer of Trog.
             Slain by Sigmund (7 damage)
             ... on level 3 of the Dungeon.
             The game lasted 00:05:06 (2932 turns).

jejorda2 the Cudgeller (Gargoyle Berserker)         Turns: 2932, Time: 00:05:07

Health: -1/28      AC: 15    Str: 21    XL:     4   Next: 55%
Magic:  4/4        EV:  6    Int:  8    God:    Trog [**....]
Gold:   87         SH:  0    Dex:  9    Spells: 3/3 levels left

rFire   . . .      SeeInvis .   a - +0 mace
rCold   . . .      Faith    .   (no shield)
rNeg    + . .      Spirit   .   r - +0 plate armour
rPois   ∞          Reflect  .   o - +0 helmet
rElec   +          Harm     .   (no cloak)
rCorr   .          Rampage  .   (no gloves)
Will    .....                   (no boots)
Stlth   ..........              (no amulet)
HPRegen 0.09/turn               (no ring)
MPRegen 0.09/turn               (no ring)

@: confused, on berserk cooldown, slowed, very slow
A: sickness immunity, AC +3, negative energy resistance 1, electricity
resistance, torment resistance 1, petrification resistance
a: Renounce Religion, Berserk, Trog's Hand


You were on level 3 of the Dungeon.
You worshipped Trog.
Trog was pleased with you.
You visited 1 branch of the dungeon, and saw 3 of its levels.

You collected 87 gold pieces.

Inventory:

Hand Weapons
 a - a +0 mace (weapon)
Missiles
 c - 69 stones (quivered)
 h - 2 throwing nets
Armour
 o - a +0 helmet (worn)
 r - a +0 plate armour (worn)
Scrolls
 d - a scroll of enchant weapon {unknown}
 e - a scroll of enchant armour {unknown}
 f - a scroll of acquirement {unknown}
 k - a scroll of immolation {unknown}
 m - a scroll of summoning {unknown}
 n - 2 scrolls of blinking {unknown}
 p - a scroll of identify {unknown}
Potions
 g - 2 potions of lignification {unknown}
 i - 2 potions of curing {unknown}
 j - a potion of heal wounds {unknown}
 l - a potion of might {unknown}
 q - a potion of magic {unknown}


   Skills:
 - Level 3.2 Fighting
 * Level 5.2 Maces & Flails
 - Level 2.1 Armour
 - Level 1.5 Dodging


You had 3 spell levels left.
You didn't know any spells.
Your spell library was empty.

Dungeon Overview and Level Annotations

Branches:
Dungeon (3/15)

Altars:

Annotations:
D:3 Sigmund


Innate Abilities, Weirdness & Mutations

You are immune to sickness and miasma.
Your stone body is resilient. (AC +3)
You are immune to poison.
You resist negative energy. (rN+)
You are resistant to electric shocks. (rElec)
You are resistant to unholy torment.
You are immune to petrification.


Message History

Deactivating autopickup; reactivate with Ctrl-A.
Your plate armour prevents you from hitting something.
Something hits you but does no damage.
You miss something. You barely miss something.
Your skin stops crawling.
You feel less strong-willed. Something hits you but does no damage.
You miss something. Something hits you but does no damage.
You closely miss something. Something hits you but does no damage.
You hit something. Something hits you but does no damage.
You barely miss something. You closely miss something.
Something hits you but does no damage.
You closely miss something. Something hits you but does no damage.
You closely miss something.
A red film seems to cover your vision as you go berserk!
You feel yourself moving faster!
You feel mighty!
You hear some strange, mumbled words.
You are confused.
You barely miss something.
You hear some strange, mumbled words.
You are more confused.
You bump into the rock wall.
You hear some strange, mumbled words.
You are more confused.
You miss something.
You bump into the rock wall.
Something hits you.
You bump into the rock wall.
You feel a strong urge to attack something.
You bump into the rock wall.
Something hits you!
You feel your anger nearly subside.
You are no longer berserk.
You are exhausted.
You feel yourself slow down. Something hits you. Something hits you!
* * * LOW HITPOINT WARNING * * *
You hear some strange, mumbled words.
You are more confused.
Something hits you but does no damage. Something hits you!
You die...

## ..# . #.# ..
##.###.# .....|
### .... .#
...>)####.####...
.....J{..........
#.##.###@........
.# #..####.#.
....###..#
#.<....#
....###.## .# #.#
#.# #[# #.#


You could see an endoplasm.

Vanquished Creatures
  Robin (D:2)
  An adder (D:2)
  2 worms (D:2)
  3 dart slugs
  5 endoplasms
  A giant cockroach (D:2)
  8 goblins
  7 hobgoblins
  3 quokkas (D:1)
  4 ball pythons
  4 bats
  2 frilled lizards
  7 kobolds
  6 rats
54 creatures vanquished.

Notes
Turn   | Place    | Note
-------+----------+-------------------------------------------
     0 | D:1      | jejorda2 the Gargoyle Berserker began the quest for the
                  | Orb.
     0 | D:1      | Reached XP level 1. HP: 14/14 MP: 1/1
   305 | D:1      | Reached XP level 2. HP: 19/19 MP: 2/2
   729 | D:1      | Reached skill level 4 in Maces & Flails
   816 | D:1      | Reached XP level 3. HP: 18/23 MP: 3/3
  1654 | D:2      | Noticed Robin
  1673 | D:2      | Killed Robin
  1674 | D:2      | Reached XP level 4. HP: 10/28 MP: 4/4
  1974 | D:2      | Reached skill level 5 in Maces & Flails
  2194 | D:2      | Found a faded altar of an unknown god.
  2517 | D:3      | Reached ** piety under Trog
  2904 | D:3      | Noticed Sigmund
  2932 | D:3      | Slain by Sigmund

Illustrated notes

Levels and vault maps discovered:
D:1:      onia_arrival_mini_maze, layout_rooms
D:2:      layout_basic, hellmonk_ecumenical_altar_inner_sanctum,
          serial_park_tiny_1, nrook_uturn, uniq_robin
D:3:      layout_loops_ring, uniq_sigmund

Skill      XL: |  1  2  3  4 |
---------------+-------------+-----
Maces & Flails | 4 5 |  5.2
Fighting       | |  3.2
Armour         | |  2.1
Dodging        | |  1.5

Action                   |  1- 3 |  4- 6 || total
-------------------------+-------+-------++-------
Melee: Mace              |   108 |    66 ||   174
Throw: Stone             |    48 |    10 ||    58
Invok: Berserk           |     2 |     1 ||     3
       Trog's Hand       |       |     1 ||     1
Armor: Animal skin       |    33 |    16 ||    49
       Plate armour      |       |     8 ||     8
Dodge: Dodged            |    66 |    25 ||    91

Table legend: (Time is in decaauts)
 A = Elapsed time spent in this place.
 B = Non-inter-level travel time spent in this place.
 C = Inter-level travel time spent in this place.
 D = Time resting spent in this place.
 E = Time spent auto-exploring this place.
 F = Levels seen in this place.
 G = Mean time per level.
                   A        B        C        D        E       F      G
               +--------+--------+--------+--------+--------+-----+--------+
         Total |   2982 |   2867 |    115 |    329 |   2075 |   3 |  994.0 |
       Dungeon |   2982 |   2867 |    115 |    329 |   2075 |   3 |  994.0 |
               +--------+--------+--------+--------+--------+-----+--------+

Top non-repeatable levels by time:
     D:1: 1253 daAuts
     D:2: 1189 daAuts
     D:3: 539 daAuts
